 Dungeon Crawl Stone Soup version 0.21.1-1-g345015f (webtiles) character file.

50 Dfrag the Conjurer (level 3, -13/28 HPs)
             Began as a Naga Conjurer on Feb 20, 2018.
             Mangled by Sigmund
             ... wielding a +0 scythe
              (14 damage)
             ... on level 2 of the Dungeon.
             The game lasted 00:01:41 (1033 turns).

Dfrag the Conjurer (Naga Conjurer)                  Turns: 1033, Time: 00:01:42

Health: -13/28     AC:  2    Str: 15    XL:     3   Next: 79%
Magic:  5/6        EV: 15    Int: 18    God:
Gold:   41         SH:  0    Dex: 16    Spells: 5/8 levels left

rFire    . . .     SeeInvis +   (no weapon)
rCold    . . .     Gourm    .   (no shield)
rNeg     . . .     Faith    .   a - +0 robe
rPois    +         Spirit   .   (helmet restricted)
rElec    .         Reflect  .   (no cloak)
rCorr    .         Harm     .   (no gloves)
MR       .....     Rnd*Tele +   (no barding)
Stlth    +++.......             (no amulet)
HPRegen  0.09/turn              k - ring of teleportation (curse)
MPRegen  0.10/turn              (no ring)

@: mighty, agile, short of breath, flying, very slow
A: large, antennae 1, see invisible, clever 1, deformed body, deterioration 1,
low mp 1, poison resistance, slowness 2, slow metabolism 1, spit poison 1, AC +1
a: Spit Poison


You were on level 2 of the Dungeon.
You were very hungry.

You visited 1 branch of the dungeon, and saw 2 of its levels.

You collected 41 gold pieces.

Inventory:

Armour
 a - a +0 robe (worn)
 j - a +0 helmet
Jewellery
 k - a cursed ring of teleportation (left hand)
Scrolls
 g - a scroll of remove curse {unknown}
 h - 2 scrolls of teleportation {unknown}
Potions
 i - 2 potions of mutation
 l - a potion of lignification {unknown}
 m - a potion of invisibility {unknown}
Books
 b - a book of Conjurations

   Spells                             Type                      Level
   a - Magic Dart                     Conjuration                  1
   b - Searing Ray                    Conjuration                  2
   c - Dazzling Spray                 Conjuration/Hexes            3
   d - Fulminant Prism                Conjuration/Hexes            4
   e - Force Lance                    Conjuration/Translocation    4
   f - Iskenderun's Mystic Blast      Conjuration                  4
Comestibles
 c - a ration


   Skills:
 - Level 1.5 Dodging
 - Level 3.0 Stealth
 + Level 3.0 Spellcasting
 + Level 4.7 Conjurations


You had 5 spell levels left.
You knew the following spells:

 Your Spells              Type           Power        Failure   Level  Hunger
a - Magic Dart            Conj           ###.         2%          1    None
b - Searing Ray           Conj           ###...       3%          2    ##.....


Dungeon Overview and Level Annotations

Branches:
Dungeon (2/15)

Altars:

Annotations:
D:2 Sigmund


Innate Abilities, Weirdness & Mutations

You cannot wear boots.
Your serpentine skin is tough. (AC +1)
You have supernaturally acute eyesight. (SInv)
Armour fits poorly on your strangely shaped body.
Your system is resistant to poisons. (rPois)
You cover ground very slowly.
You have a slow metabolism.
You can spit poison.
You have a pair of small antennae on your head.
Your mind is acute. (Int +2)
Your body sometimes deteriorates upon taking damage.
Your magical capacity is low. (-10% MP)


Message History

* * * LOW HITPOINT WARNING * * *
Unknown command.
Unknown command.
It was a potion of mutation.
You feel extremely strange.
You feel yourself wasting away.
You feel less energetic. A pair of antennae grows on your head!
Your +0 helmet falls away!
You feel clever.
You feel less confused.
Sigmund points at you and mumbles some strange words.
The magic dart hits you!
* * * LOW HITPOINT WARNING * * *
Press: ? - help, Shift-Dir - straight line, f/p - Sigmund
Aim: Sigmund, wielding a scythe and wearing a robe (heavily wounded, slightly transparent)
The splash of poison misses Sigmund.
The splash of poison misses the goblin.
You feel slightly more hungry.
You are feeling very hungry.
Sigmund hits you from afar with a scythe!
Ouch! That really hurt!
You die...

#. #. #. ######.
....(.. K......
.......#########
.....$....g@.@.#
.!....########.#
..... #.# ....
#.# ... #.# ##
#.# #.# #.#
#.#####


You could see Sigmund (invisible) and a goblin.

Vanquished Creatures
  3 oozes
  A dart slug (D:1)
  A leopard gecko (D:1)
  4 bats (D:2)
  3 giant cockroaches (D:1)
  4 goblins (D:1)
  4 hobgoblins (D:1)
  6 kobolds
  A ball python (D:1)
  2 frilled lizards (D:1)
  2 rats (D:1)
31 creatures vanquished.

Notes
Turn   | Place    | Note
-------+----------+-------------------------------------------
     0 | D:1      | Dfrag the Naga Conjurer began the quest for the Orb.
     0 | D:1      | Reached XP level 1. HP: 15/15 MP: 3/3
   162 | D:1      | Reached XP level 2. HP: 22/22 MP: 3/5
   337 | D:1      | Learned a level 2 spell: Searing Ray
   375 | D:1      | Reached XP level 3. HP: 22/28 MP: 2/6
  1017 | D:2      | Noticed Sigmund
  1032 | D:2      | Gained mutation: Your body sometimes deteriorates upon taking damage. [potion of mutation]
  1032 | D:2      | Gained mutation: Your magical capacity is low. (-10% MP) [potion of mutation]
  1032 | D:2      | Gained mutation: You have a pair of small antennae on your head. [potion of mutation]
  1032 | D:2      | Gained mutation: Your mind is acute. (Int +2) [potion of mutation]
  1032 | D:2      | HP: 1/28 [Sigmund/magic dart (6)]
  1033 | D:2      | Mangled by Sigmund

Skill      XL: |  1  2  3 |
---------------+----------+-----
Spellcasting   | 3 |  3.0
Dodging        | |  1.5
Stealth        | |  3.0
Conjurations   | |  4.7

Action                   || total
-------------------------++-------
Melee: Unarmed           ||    24
 Cast: Magic Dart        ||    47
       Searing Ray       ||     1
 Abil: Spit Poison       ||    26
  Use: Potion            ||     4
  Eat: Chunk             ||     1
Armor: Robe              ||    16
Dodge: Dodged            ||    31
